[Event "December 19 Early 2023"]
[Site "https://www.chess.com"]
[Date "2023.12.19"]
[Round "7"]
[White "Zemlyanskii, Ivan"]
[Black "Shadhursshaan R"]
[Result "1-0"]
[Board "91"]
[TimeControl "180+1"]
[WhiteFideId "24249971"]
[BlackFideId "45024138"]
[WhiteElo "2418"]
[BlackElo "1760"]
[WhiteTeam "RUS"]
[BlackTeam "IND"]
[WhiteClock "0:02:01"]
[BlackClock "0:00:20"]

1. d4 Nf6 2. c4 e6 3. Bf4 d5 4. Nc3 c6 5. e3 Bd6 6. Bg3 Bxg3 7. hxg3 Qd6 8. Nf3 Nbd7 9. Rc1 Ne4 10. Bd3 Nxc3 11. Rxc3 dxc4 12. Bxc4 b5 13. Bd3 Bb7 14. Nd2 a6 15. Ne4 Qe7 16. Nc5 Nxc5 17. Rxc5 O-O-O 18. a4 f6 19. axb5 axb5 20. Qb3 Kb8 21. Be4 Rd6 22. O-O f5 23. Bf3 g5 24. Rfc1 g4 25. Bxc6 Rxc6 26. Rxc6 Bxc6 27. Rxc6 Qb7 28. Qxe6 Rc8 29. Rb6 Rc1+ 30. Kh2 Ka7 31. Rxb7+ Kxb7 32. Qxf5 Kb6 33. Qxh7 Rc6 34. Qg7 Ka5 35. Qa7+ Ra6 36. Qc5 Ka4 37. Qa3# 1-0

[Event "December 19 Early 2023"]
[Site "https://www.chess.com"]
[Date "2023.12.19"]
[Round "7"]
[White "Mohammadi, Melika"]
[Black "Dyachuk, Artem"]
[Result "0-1"]
[Board "92"]
[TimeControl "180+1"]
[WhiteFideId "42529271"]
[BlackFideId "34107924"]
[WhiteElo "1901"]
[BlackElo "2244"]
[WhiteTeam "IRI"]
[BlackTeam "UKR"]
[WhiteClock "0:00:00"]
[BlackClock "0:00:03"]

1. e4 e5 2. Nf3 Nc6 3. Bb5 a6 4. Ba4 Nf6 5. O-O b5 6. Bb3 Bc5 7. c3 d6 8. d4 Ba7 9. h3 O-O 10. Be3 Bb7 11. Nbd2 exd4 12. cxd4 Ne7 13. Re1 Ng6 14. Rc1 Nxe4 15. Nxe4 Bxe4 16. Ng5 d5 17. Qh5 Ne7 18. Nxe4 dxe4 19. Bg5 Qd6 20. Rxe4 Ng6 21. Be3 Rae8 22. Rxe8 Rxe8 23. Qf3 Qd7 24. Qc6 Qxc6 25. Rxc6 Bb6 26. Rc3 Kf8 27. d5 Bxe3 28. fxe3 Re7 29. Rc6 Rxe3 30. Rxc7 Rd3 31. d6 Rxd6 32. Rxf7+ Ke8 33. Rxg7 Nf4 34. Rxh7 Rd2 35. Rg7 Rxb2 36. h4 a5 37. Rg4 Ne2+ 38. Kh2 Nc1 39. Bd5 Ke7 40. h5 Rd2 41. Bg8 Rd6 42. Rg5 b4 43. Bb3 Ne2 44. Ba4 Nc3 45. Bb3 a4 46. Bc4 Rd4 47. Bb5 b3 48. axb3 a3 49. Bc6 Ra4 0-1

[Event "December 19 Early 2023"]
[Site "https://www.chess.com"]
[Date "2023.12.19"]
[Round "7"]
[White "Kanyamarala, Trisha"]
[Black "Weetik, Vjacheslav"]
[Result "1-0"]
[Board "93"]
[TimeControl "180+1"]
[WhiteFideId "45004722"]
[BlackFideId "4153472"]
[WhiteElo "2078"]
[BlackElo "2469"]
[WhiteTeam "IRL"]
[BlackTeam "RUS"]
[WhiteClock "0:00:05"]
[BlackClock "0:00:00"]

1. c4 e6 2. Nc3 d5 3. e3 Nf6 4. Nf3 c5 5. cxd5 exd5 6. d4 a6 7. Bd3 Nc6 8. h3 Bd6 9. O-O O-O 10. dxc5 Bxc5 11. b3 d4 12. exd4 Nxd4 13. Bb2 Be6 14. Ne4 Nxe4 15. Bxe4 Nc6 16. Bxh7+ Kxh7 17. Qc2+ Kg8 18. Qxc5 Qd5 19. Qe3 Rfe8 20. Qf4 f6 21. Rad1 Qf5 22. Qg3 Rad8 23. Qc7 Bd5 24. Nd4 Qg6 25. Qg3 Qxg3 26. fxg3 Rc8 27. Nf5 Rcd8 28. Kf2 Be6 29. Ne3 Kf7 30. g4 Nb4 31. Bd4 Nxa2 32. Nc2 Bxb3 33. Ra1 Re4 34. Be3 Nc3 35. Ra3 Bxc2 36. Rxc3 Ba4 37. Rc7+ Rd7 38. Rc8 Bc6 39. Rc1 Rde7 40. Rc3 a5 41. h4 Rxg4 42. Bc5 Rxg2+ 43. Kf1 Ree2 44. h5 1-0

[Event "December 19 Early 2023"]
[Site "https://www.chess.com"]
[Date "2023.12.19"]
[Round "7"]
[White "Liyanage, Ranindu Dilshan"]
[Black "Omariev, Maksim"]
[Result "1-0"]
[Board "94"]
[TimeControl "180+1"]
[WhiteFideId "9915834"]
[BlackFideId "4193423"]
[WhiteElo "2198"]
[BlackElo "2455"]
[WhiteTeam "SRI"]
[BlackTeam "RUS"]
[WhiteClock "0:00:40"]
[BlackClock "0:00:00"]

1. e4 c5 2. c3 Nf6 3. e5 Nd5 4. Nf3 e6 5. Bc4 Nb6 6. Bb3 c4 7. Bc2 Nc6 8. d4 cxd3 9. Qxd3 Qc7 10. Bf4 f6 11. Qe2 Nd5 12. Bg3 f5 13. Nbd2 Be7 14. Nc4 O-O 15. h4 b6 16. Nd6 f4 17. Bxh7+ Kxh7 18. Ng5+ Kh6 19. Qe4 Rf5 20. Nxf5+ exf5 21. Qxd5 fxg3 22. O-O-O Bxg5+ 23. hxg5+ Kxg5 24. f4+ Kg6 25. Qg8 Bb7 26. Rd6+ Qxd6 27. Qh7+ Kf7 28. exd6 Na5 29. Qxf5+ Kg8 30. Qxd7 Bc6 31. Qe6+ 1-0

[Event "December 19 Early 2023"]
[Site "https://www.chess.com"]
[Date "2023.12.19"]
[Round "7"]
[White "Khumalo, Keith"]
[Black "Himanshu, Sharma"]
[Result "1-0"]
[Board "95"]
[TimeControl "180+1"]
[WhiteFideId "14319470"]
[BlackFideId "5007836"]
[WhiteElo "2093"]
[BlackElo "2307"]
[WhiteTeam "RSA"]
[BlackTeam "IND"]
[WhiteClock "0:01:12"]
[BlackClock "0:00:03"]

1. d4 Nf6 2. c4 e6 3. Nf3 Bb4+ 4. Bd2 Be7 5. g3 O-O 6. Bg2 d5 7. Qc2 Nbd7 8. O-O c5 9. cxd5 Nxd5 10. e4 N5f6 11. Rd1 Qb6 12. Be3 Ng4 13. Nc3 Nxe3 14. fxe3 Qa5 15. a3 a6 16. e5 Rb8 17. Ne4 cxd4 18. exd4 Nb6 19. Nfg5 g6 20. Qc7 Bxg5 21. Nxg5 Ra8 22. Ne4 Qb5 23. Nf6+ Kg7 24. Qc1 Nd7 25. Qg5 Nxf6 26. exf6+ Kh8 27. Qxb5 axb5 28. Rac1 Ra4 29. Rc7 Rc4 30. Rc1 Rxc1+ 31. Rxc1 Bd7 32. Rc7 Rd8 33. Bxb7 Be8 34. Kf2 h6 35. Ke3 Kg8 36. h4 Kf8 37. g4 Rd7 38. Rxd7 Bxd7 39. g5 hxg5 40. hxg5 Ke8 41. Kd3 Kd8 42. Kc3 Kc7 43. Be4 Kb6 44. Bxg6 Be8 45. Bh7 Kc7 46. Kb4 Kd6 47. Bg8 e5 48. g6 Ke6 49. gxf7 Bxf7 50. Bxf7+ Kxf7 51. dxe5 Ke6 52. Kxb5 1-0

[Event "December 19 Early 2023"]
[Site "https://www.chess.com"]
[Date "2023.12.19"]
[Round "7"]
[White "Sipila, Vilka"]
[Black "Herman, Daniel"]
[Result "1-0"]
[Board "96"]
[TimeControl "180+1"]
[WhiteFideId "505455"]
[BlackFideId "30935008"]
[WhiteElo "2343"]
[BlackElo "1897"]
[WhiteTeam "FIN"]
[BlackTeam "USA"]
[WhiteClock "0:02:38"]
[BlackClock "0:01:09"]

1. e4 e6 2. d4 d5 3. e5 c5 4. c3 Nc6 5. Nf3 Bd7 6. Be2 Nh6 7. O-O Nf5 8. dxc5 Bxc5 9. b4 Bb6 10. Bd3 Nh4 11. Re1 O-O 12. Bxh7+ Kxh7 13. Ng5+ Kg6 14. Qg4 Rh8 15. Nxe6+ Kh7 16. Qxg7# 1-0

[Event "December 19 Early 2023"]
[Site "https://www.chess.com"]
[Date "2023.12.19"]
[Round "7"]
[White "Weishaeutel, Moritz"]
[Black "Zeneli, Klendi"]
[Result "0-1"]
[Board "97"]
[TimeControl "180+1"]
[WhiteFideId "12967300"]
[BlackFideId "4706609"]
[WhiteElo "2321"]
[BlackElo "1974"]
[WhiteTeam "GER"]
[BlackTeam "ALB"]
[WhiteClock "0:00:11"]
[BlackClock "0:00:28"]

1. e4 e5 2. d4 exd4 3. Qxd4 Nc6 4. Qe3 Nf6 5. e5 Nd5 6. Qe4 Nb6 7. Nf3 Be7 8. Nc3 O-O 9. Bd3 g6 10. Bh6 Re8 11. O-O-O Bf6 12. Nd5 Nxd5 13. Qxd5 Nxe5 14. Be2 Ng4 15. Bc4 Nxh6 16. Rhe1 d6 17. Rxe8+ Qxe8 18. Re1 Qc6 19. Qd3 Bf5 20. Qb3 Re8 21. Rd1 Qb6 22. Qa3 Qxf2 23. Qb3 Be6 24. Re1 Bg5+ 25. Kb1 Bd2 26. Rf1 Qxf1+ 27. Bxf1 Bxb3 28. cxb3 Bf4 29. Kc2 Ng4 30. Bb5 c6 31. Bd3 Nxh2 32. Nd4 Ng4 33. Ne2 Bh6 34. Nd4 d5 35. Nf3 Ne3+ 36. Kc3 Nxg2 37. Kd4 Ne1 38. Nxe1 Rxe1 39. b4 Be3+ 40. Kc3 Rc1+ 41. Kb3 h5 42. Ka4 h4 43. b3 h3 44. a3 h2 45. Ba6 bxa6 46. Ka5 h1=Q 47. Ka4 Qf1 48. Ka5 Qb5# 0-1

[Event "December 19 Early 2023"]
[Site "https://www.chess.com"]
[Date "2023.12.19"]
[Round "7"]
[White "Kovalyov, Eduard"]
[Black "Antunez Soler, Luis"]
[Result "1-0"]
[Board "98"]
[TimeControl "180+1"]
[WhiteFideId "14118033"]
[BlackFideId "3513335"]
[WhiteElo "2300"]
[BlackElo "2154"]
[WhiteTeam "UKR"]
[BlackTeam "CUB"]
[WhiteClock "0:00:05"]
[BlackClock "0:00:18"]

1. Nf3 d5 2. d4 Nf6 3. c4 c6 4. Qc2 dxc4 5. Qxc4 Bg4 6. Nbd2 Nbd7 7. g3 e6 8. Bg2 Be7 9. O-O O-O 10. h3 Bh5 11. Re1 Rc8 12. Qb3 Qb6 13. Qxb6 axb6 14. Nc4 b5 15. Nce5 Nb6 16. Bg5 Rfd8 17. e3 Nbd5 18. g4 Bg6 19. Nxg6 hxg6 20. Ne5 b4 21. Nc4 Ra8 22. e4 Nc7 23. e5 Nfd5 24. Bxe7 Nxe7 25. Nd6 Ra7 26. a4 Ne8 27. Nxe8 Rxe8 28. b3 Rd8 29. Red1 Ra5 30. Rac1 Nd5 31. Rc4 Nc3 32. Re1 Rd7 33. Rxb4 Nd5 34. Bxd5 Raxd5 35. Re4 Kf8 36. g5 Ke7 37. h4 Kd8 38. Kg2 Kc7 39. Kf3 Rd8 40. Ke3 R8d7 41. Rf4 Kb8 42. Rc4 Ka7 43. b4 Kb6 44. Rc5 Rxc5 45. dxc5+ Kc7 46. Rd4 Re7 47. Rd6 Re8 48. Rd4 Ra8 49. Rf4 Rf8 50. Kd3 Kd7 51. Kc4 Ke7 52. b5 Ra8 53. Kb4 Rd8 54. Ka5 Rd5 55. Kb6 cxb5 56. axb5 Rd7 57. c6 bxc6 58. Kxc6 Rd1 59. b6 Rb1 60. Kb7 Rb2 61. Kc7 Rc2+ 62. Kb8 Rb2 63. b7 Ke8 64. Ra4 Kd7 65. Ka7 Kc6 66. Rc4+ Kd5 67. Ra4 Kc6 68. Rc4+ Kd5 69. Rc8 Ra2+ 70. Kb6 Rb2+ 71. Kc7 Kxe5 72. b8=Q Rd2 73. Qb6 Kf5 74. Qe3 Rd5 75. Rf8 f6 76. gxf6 gxf6 77. Rf7 e5 78. Qf3+ Ke6 79. Qxd5+ 1-0

[Event "December 19 Early 2023"]
[Site "https://www.chess.com"]
[Date "2023.12.19"]
[Round "7"]
[White "Perossa, Nicolas"]
[Black "Melian, Juan Sebastian"]
[Result "0-1"]
[Board "99"]
[TimeControl "180+1"]
[WhiteFideId "2850520"]
[BlackFideId "3706575"]
[WhiteElo "1934"]
[BlackElo "2098"]
[WhiteTeam "ITA"]
[BlackTeam "PAR"]
[WhiteClock "0:01:32"]
[BlackClock "0:02:15"]

1. d3 c5 2. g3 Nc6 3. Bg2 g6 4. Nd2 Bg7 5. Ngf3 d5 6. O-O e6 7. c4 Nge7 8. cxd5 exd5 9. e4 O-O 10. exd5 Nxd5 11. Ne4 b6 12. a3 Bb7 13. Qc2 Rc8 14. Bh3 f5 15. Nc3 Nd4 16. Nxd4 cxd4 17. Bd2 dxc3 18. bxc3 Nxc3 19. Bxc3 Rxc3 20. Qd2 Qd5 21. Rad1 Qh1# 0-1

[Event "December 19 Early 2023"]
[Site "https://www.chess.com"]
[Date "2023.12.19"]
[Round "7"]
[White "Shubenkova, Veronika"]
[Black "Serban, Cristian-Stefan"]
[Result "1-0"]
[Board "100"]
[TimeControl "180+1"]
[WhiteFideId "44124040"]
[BlackFideId "1241443"]
[WhiteElo "1967"]
[BlackElo "2040"]
[WhiteTeam "RUS"]
[BlackTeam "ROU"]
[WhiteClock "0:02:18"]
[BlackClock "0:00:50"]

1. d4 Nf6 2. e3 d5 3. f4 c5 4. Nf3 Nc6 5. c3 Bf5 6. Bd3 Bxd3 7. Qxd3 e6 8. Nbd2 Bd6 9. Ne5 O-O 10. O-O Qc7 11. Rf3 Nd7 12. Rh3 f5 13. Ndf3 Ndxe5 14. fxe5 Be7 15. Bd2 b5 16. Kh1 b4 17. Rg1 Kh8 18. g4 g6 19. Nh4 Bxh4 20. Rxh4 bxc3 21. bxc3 Rab8 22. gxf5 gxf5 23. Be1 Rb2 24. Rh6 Nxe5 25. dxe5 Qc6 26. e4 d4 27. Rxh7+ Kxh7 28. Qh3# 1-0

[Event "December 19 Early 2023"]
[Site "https://www.chess.com"]
[Date "2023.12.19"]
[Round "7"]
[White "Sahin, Sarp"]
[Black "Sadykov, Ramil"]
[Result "0-1"]
[Board "101"]
[TimeControl "180+1"]
[WhiteFideId "51605066"]
[BlackFideId "24113590"]
[WhiteElo "1775"]
[BlackElo "2245"]
[WhiteTeam "TUR"]
[BlackTeam "FID"]
[WhiteClock "0:00:13"]
[BlackClock "0:00:02"]

1. d4 d6 2. Bf4 c5 3. e3 Nf6 4. c3 Qb6 5. Qb3 Be6 6. Qxb6 axb6 7. a3 Nh5 8. Bg5 h6 9. Bh4 g5 10. Bg3 Nxg3 11. hxg3 d5 12. Nd2 Bd7 13. Ngf3 f6 14. Bd3 Kf7 15. O-O-O Nc6 16. dxc5 bxc5 17. e4 d4 18. cxd4 cxd4 19. Kb1 e5 20. Nc4 Be6 21. Nb6 Rd8 22. Nd2 h5 23. Ndc4 Be7 24. Nd2 h4 25. gxh4 gxh4 26. Nd5 Rdg8 27. Bf1 f5 28. f3 Bg5 29. Nc4 Rd8 30. Nb4 Nxb4 31. axb4 Kf6 32. Bd3 fxe4 33. fxe4 Bf4 34. Nd2 Rdg8 35. Nf3 Rxg2 36. Nxh4 Rf2 37. Nf5 Rxh1 38. Rxh1 Rd2 39. Rh3 Bxf5 40. exf5 Rxd3 41. Rxd3 Kxf5 42. Kc2 Be3 43. Kd1 e4 44. Ra3 d3 45. Ra5+ Kf4 46. Rb5 b6 47. Rh5 Kg4 48. Rh7 Bf4 49. Re7 e3 50. b5 Kf3 0-1

[Event "December 19 Early 2023"]
[Site "https://www.chess.com"]
[Date "2023.12.19"]
[Round "7"]
[White "Manukian, Artak"]
[Black "Liu, Casper"]
[Result "1-0"]
[Board "102"]
[TimeControl "180+1"]
[WhiteFideId "13301373"]
[BlackFideId "1454153"]
[WhiteElo "2030"]
[BlackElo "2221"]
[WhiteTeam "ARM"]
[BlackTeam "DEN"]
[WhiteClock "0:00:32"]
[BlackClock "0:00:13"]

1. e4 c6 2. d4 d5 3. e5 g6 4. c4 Bg7 5. Nc3 f6 6. f4 Nh6 7. Qb3 e6 8. Nf3 O-O 9. Be3 Kh8 10. O-O-O a5 11. a4 Na6 12. c5 Nb4 13. Na2 Ng4 14. Bg1 fxe5 15. fxe5 b6 16. Nxb4 axb4 17. h3 Nh6 18. Qxb4 bxc5 19. dxc5 Nf5 20. Bf2 Ba6 21. Kc2 Qc7 22. Bxa6 Rxa6 23. b3 Rb8 24. Qc3 Ra7 25. g4 Nh6 26. Bg3 Ng8 27. Nd4 Qc8 28. Rhf1 Rab7 29. Rb1 Rb4 30. Rf4 Qa6 31. Nxe6 Qe2+ 32. Qd2 Qxd2+ 33. Kxd2 Rxb3 34. Rxb3 Rxb3 35. Rf7 Bh6+ 36. g5 Rxg3 37. gxh6 Nxh6 38. Rc7 Ra3 39. Rxc6 Rxa4 40. Rc8+ Ng8 41. c6 Rc4 42. c7 1-0

[Event "December 19 Early 2023"]
[Site "https://www.chess.com"]
[Date "2023.12.19"]
[Round "7"]
[White "Trost, Edvin"]
[Black "Melikhov, Evgeny V."]
[Result "1/2-1/2"]
[Board "103"]
[TimeControl "180+1"]
[WhiteFideId "1729519"]
[BlackFideId "4122046"]
[WhiteElo "2385"]
[BlackElo "2165"]
[WhiteTeam "SWE"]
[BlackTeam "GRE"]
[WhiteClock "0:00:10"]
[BlackClock "0:00:14"]

1. e4 e5 2. Nf3 Nc6 3. Bc4 Nf6 4. d3 Be7 5. O-O O-O 6. a4 a5 7. h3 d6 8. Re1 Be6 9. Nbd2 Bxc4 10. Nxc4 Qd7 11. c3 Rfe8 12. Qb3 b6 13. Bg5 h6 14. Bxf6 Bxf6 15. Ne3 g6 16. Nd5 Bg7 17. Rad1 Ne7 18. Nxe7+ Qxe7 19. d4 exd4 20. cxd4 Qe6 21. Qc2 c5 22. dxc5 dxc5 23. Rd5 Rad8 24. Red1 Rxd5 25. exd5 Qd6 26. b3 Rd8 27. g3 Bd4 28. Nxd4 Qxd5 29. Re1 cxd4 30. Qd3 Qd6 31. Re4 h5 32. h4 Qc5 33. Kf1 Rd5 34. Ke2 Re5 35. Rxe5 Qxe5+ 36. Kd2 Qc5 37. Ke2 Kg7 38. f4 Qb4 39. Kf3 Qc3 40. Ke4 Qxd3+ 41. Kxd3 Kf6 42. Kxd4 Kf5 43. Kc4 Kg4 44. Kb5 Kxg3 45. Kxb6 Kxh4 46. Kxa5 Kg3 47. b4 h4 48. b5 h3 49. b6 h2 50. b7 h1=Q 51. b8=Q Qd5+ 52. Qb5 Qd2+ 53. Qb4 Qxf4 54. Qxf4+ Kxf4 55. Kb5 g5 56. a5 g4 57. a6 g3 58. a7 g2 59. a8=Q g1=Q 60. Qb8+ Kf3 61. Qb7+ Ke2 62. Qxf7 Qf2 63. Qe6+ Qe3 64. Qg4+ Qf3 65. Qg1 Qf2 66. Qb1 Qe3 67. Qa2+ Qd2 68. Qe6+ Qe3 69. Qg4+ Qf3 70. Qe6+ Qe3 1/2-1/2

[Event "December 19 Early 2023"]
[Site "https://www.chess.com"]
[Date "2023.12.19"]
[Round "7"]
[White "Gutierrez Olivares, Daniel"]
[Black "Dowgird, Filip"]
[Result "1-0"]
[Board "104"]
[TimeControl "180+1"]
[WhiteFideId "2264005"]
[BlackFideId "1121235"]
[WhiteElo "2317"]
[BlackElo "2248"]
[WhiteTeam "ESP"]
[BlackTeam "POL"]
[WhiteClock "0:00:06"]
[BlackClock "0:00:04"]

1. Nf3 d6 2. g3 e5 3. d3 Nf6 4. Nbd2 Be7 5. e4 O-O 6. Bg2 Nbd7 7. O-O c6 8. c3 a5 9. Qc2 Re8 10. a4 h6 11. Nc4 Bf8 12. Bd2 d5 13. exd5 Nxd5 14. Rfe1 f6 15. d4 exd4 16. Rxe8 Qxe8 17. Nxd4 Ne5 18. Re1 Qh5 19. Nxe5 fxe5 20. Nf3 Bf5 21. Qb3 e4 22. Nd4 Re8 23. Qxb7 Bg6 24. Qxc6 Nf6 25. Qb5 Re5 26. Qe2 Ng4 27. h3 e3 28. fxe3 Nf6 29. Qxh5 Nxh5 30. e4 Re8 31. Bf4 Nxf4 32. gxf4 Rb8 33. Re2 Be8 34. e5 Bxa4 35. Bd5+ Kh8 36. f5 Bc5 37. Bf7 Bb5 38. Rd2 a4 39. Kg2 Ba6 40. Ne6 Be7 41. Kg3 Bb5 42. Nf4 Bg5 43. Ng6+ Kh7 44. Rd6 h5 45. h4 Bc1 46. Ne7 Bxb2 47. Bg6+ Kh8 48. Bxh5 Bxc3 49. Kf4 Bd2+ 50. Ke4 Be1 51. Bf7 a3 52. Ng6+ Kh7 53. h5 Bf1 54. Nf4 a2 55. Bxa2 Rb4+ 56. Kf3 Bh4 57. Bf7 Bg5 58. Bg6+ Kh8 59. Ne6 Bh6 60. Rc6 Rb8 61. Rc7 Bb5 62. Nc5 Rf8 63. Ne4 Ba6 64. Nd6 Bd3 65. Nf7+ Kg8 66. e6 Ra8 67. Rd7 Bg5 68. Rxd3 Bf6 69. h6 Ra3 70. h7+ Kf8 71. h8=Q+ Ke7 72. Qd8# 1-0

[Event "December 19 Early 2023"]
[Site "https://www.chess.com"]
[Date "2023.12.19"]
[Round "7"]
[White "Kvaloy, Aksel Bu"]
[Black "Jaque Gutierrez, Matias"]
[Result "1-0"]
[Board "105"]
[TimeControl "180+1"]
[WhiteFideId "1528815"]
[BlackFideId "3426980"]
[WhiteElo "2265"]
[BlackElo "2040"]
[WhiteTeam "NOR"]
[BlackTeam "CHI"]
[WhiteClock "0:01:01"]
[BlackClock "0:00:00"]

1. d4 Nf6 2. Nf3 c5 3. d5 e6 4. Nc3 exd5 5. Nxd5 Nc6 6. Bg5 Be7 7. Bxf6 Bxf6 8. c3 O-O 9. e3 d6 10. Be2 Be6 11. O-O Be7 12. e4 Qd7 13. a4 Bd8 14. Bc4 Na5 15. Ba2 c4 16. Nd4 Bxd5 17. exd5 Rc8 18. Bb1 g6 19. Bc2 Rc5 20. Qf3 Bg5 21. Rfe1 Rcc8 22. g3 Bh6 23. Bf5 Qc7 24. Bxc8 Rxc8 25. Re2 Bg7 26. Rae1 Bxd4 27. cxd4 Nb3 28. Qf6 1-0

[Event "December 19 Early 2023"]
[Site "https://www.chess.com"]
[Date "2023.12.19"]
[Round "7"]
[White "Bowden, Karl"]
[Black "Hajiyev, Kanan"]
[Result "0-1"]
[Board "106"]
[TimeControl "180+1"]
[WhiteFideId "400548"]
[BlackFideId "13404148"]
[WhiteElo "2433"]
[BlackElo "2102"]
[WhiteTeam "ENG"]
[BlackTeam "AZE"]
[WhiteClock "0:00:00"]
[BlackClock "0:00:08"]

1. e4 c6 2. c4 d5 3. cxd5 cxd5 4. exd5 Nf6 5. Bb5+ Bd7 6. Bc4 b5 7. Bb3 a5 8. a3 a4 9. Ba2 Na6 10. Nc3 b4 11. Nxa4 Qa5 12. b3 Qxd5 13. Qf3 Qe5+ 14. Ne2 Rc8 15. d4 Qd5 16. Nb6 Qxf3 17. gxf3 Rc6 18. Nxd7 Kxd7 19. Bb1 e6 20. O-O bxa3 21. Bxa3 Nc7 22. Be4 Nfd5 23. Rfc1 Rxc1+ 24. Nxc1 Bd6 25. Bxd6 Kxd6 26. Nd3 Rb8 27. Bxd5 Nxd5 28. Ra7 Rxb3 29. Ne5 Rb1+ 30. Kg2 Nf4+ 31. Kg3 Ne2+ 32. Kh4 Nxd4 33. Nxf7+ Kd5 34. Ra5+ Kc4 35. Ra4+ Kc3 36. Ne5 Rg1 37. Rc4+ Kd2 38. Rxd4+ Ke2 39. Ng4 g6 40. Re4+ Kxf3 41. Re3+ Kf4 42. h3 h5 43. Ne5 Kf5 44. Nd3 e5 45. Rxe5+ Kf6 46. Re3 Kf5 47. Rf3+ Ke4 48. Re3+ Kd4 49. Ne5 Rg2 50. Nf3+ Kd5 51. Ng5 Kd6 52. f4 Kd5 53. Rg3 Rf2 54. Nf3 Ke4 55. Ne5 Kf5 56. Nxg6 Rf1 57. Rg5+ Kf6 58. Kxh5 Rh1 59. h4 Kf7 60. Rf5+ Kg7 61. Rg5 Rf1 62. f5 Rh1 63. Nf4+ Kf6 64. Nd5+ Kf7 65. Rg6 Re1 0-1

[Event "December 19 Early 2023"]
[Site "https://www.chess.com"]
[Date "2023.12.19"]
[Round "7"]
[White "Balint, Vilmos"]
[Black "Novikov, Evgenij"]
[Result "0-1"]
[Board "107"]
[TimeControl "180+1"]
[WhiteFideId "718050"]
[BlackFideId "4125380"]
[WhiteElo "2139"]
[BlackElo "2242"]
[WhiteTeam "HUN"]
[BlackTeam "RUS"]
[WhiteClock "0:01:56"]
[BlackClock "0:00:51"]

1. e4 c6 2. d4 d5 3. e5 Bf5 4. Nf3 e6 5. Be2 Ne7 6. O-O Nd7 7. b3 h6 8. c4 Bh7 9. Bd3 Bxd3 10. Qxd3 Nf5 11. Nc3 dxc4 12. bxc4 Bb4 13. Be3 O-O 14. Rab1 Bxc3 15. Qxc3 b6 16. Rfd1 Qc7 17. Rbc1 Rac8 18. Bf4 Rfd8 19. g3 Nf8 20. Qa3 Ng6 21. d5 c5 22. d6 Qb7 23. Rd3 Nxf4 24. gxf4 Qe4 25. Re1 Qxf4 26. Qxa7 Qxc4 27. Rd2 Qg4+ 28. Kf1 Qxf3 29. Qxb6 Nd4 30. Kg1 Qg4+ 31. Kh1 Nf3 0-1

[Event "December 19 Early 2023"]
[Site "https://www.chess.com"]
[Date "2023.12.19"]
[Round "7"]
[White "Cansun, Can Alp"]
[Black "Souleidis, Georgios"]
[Result "0-1"]
[Board "108"]
[TimeControl "180+1"]
[WhiteFideId "6390188"]
[BlackFideId "4206827"]
[WhiteElo "2031"]
[BlackElo "2401"]
[WhiteTeam "TUR"]
[BlackTeam "GRE"]
[WhiteClock "0:01:03"]
[BlackClock "0:02:10"]

1. d4 Nf6 2. c4 g6 3. Nc3 Bg7 4. e4 d6 5. f3 O-O 6. Be3 Nc6 7. Nge2 a6 8. Qd2 e5 9. d5 Na5 10. Ng3 c5 11. Be2 Rb8 12. O-O Bd7 13. Nh1 b5 14. cxb5 axb5 15. Nf2 b4 16. Ncd1 Nh5 17. Re1 f5 18. Bd3 f4 19. Bxc5 dxc5 20. Rc1 Qb6 21. Bc4 Nxc4 22. Rxc4 Bb5 23. Rc2 Rfd8 24. Nd3 Bxd3 25. Qxd3 c4+ 0-1

[Event "December 19 Early 2023"]
[Site "https://www.chess.com"]
[Date "2023.12.19"]
[Round "7"]
[White "Belov, Alexei"]
[Black "Ohler, Julius"]
[Result "1-0"]
[Board "109"]
[TimeControl "180+1"]
[WhiteFideId "4128206"]
[BlackFideId "16238982"]
[WhiteElo "2575"]
[BlackElo "2200"]
[WhiteTeam "RUS"]
[BlackTeam "GER"]
[WhiteClock "0:01:55"]
[BlackClock "0:01:20"]

1. e4 c6 2. d4 d5 3. Nd2 dxe4 4. Nxe4 Nf6 5. Nxf6+ exf6 6. c3 Bd6 7. Bd3 O-O 8. Ne2 Re8 9. Qc2 h5 10. Be3 Nd7 11. O-O-O b5 12. d5 c5 13. Bxb5 Rb8 14. c4 a6 15. Ba4 Ne5 16. Bxe8 Qxe8 17. Rhe1 Rb4 18. b3 g6 19. Ng3 Qd8 20. Bd2 Rb7 21. f4 Ng4 22. Ne4 Nxh2 23. Bc3 Bxf4+ 24. Kb2 Be5 25. Nxc5 Re7 26. d6 Re8 27. d7 Bxc3+ 28. Qxc3 Rxe1 29. Qxe1 1-0

[Event "December 19 Early 2023"]
[Site "https://www.chess.com"]
[Date "2023.12.19"]
[Round "7"]
[White "Burmakin, Evgeniy"]
[Black "Smolka, Marcin"]
[Result "0-1"]
[Board "110"]
[TimeControl "180+1"]
[WhiteFideId "4163729"]
[BlackFideId "1139681"]
[WhiteElo "2106"]
[BlackElo "2117"]
[WhiteTeam "RUS"]
[BlackTeam "POL"]
[WhiteClock "0:00:07"]
[BlackClock "0:00:50"]

1. e4 c5 2. Nc3 e6 3. Nf3 Nc6 4. d4 cxd4 5. Nxd4 Qc7 6. Be3 a6 7. Be2 b5 8. a3 Bb7 9. O-O Nf6 10. f3 Bc5 11. Kh1 Qb6 12. Qd2 Nxd4 13. e5 Nxe2 14. Bxc5 Qxc5 15. exf6 Nxc3 16. fxg7 Rg8 17. bxc3 Rxg7 18. Rad1 Bc6 19. Rfe1 Qg5 20. Qf2 Kf8 21. Re2 Kg8 22. h3 Kh8 23. Red2 Rag8 24. Rg1 Qh5 25. Rd4 f5 26. Kh2 a5 27. g4 Qf7 28. Rf4 Qe7 29. Rd1 fxg4 30. fxg4 e5 31. Rf5 Re8 32. Rf1 h6 33. Qe3 Rg6 34. Rf7 Qg5 35. Qf2 Rg7 36. Rf8+ Rxf8 37. Qxf8+ Kh7 38. Rf2 e4 39. Rf7 Qe5+ 40. Kg1 Rxf7 41. Qxf7+ Qg7 42. Qf5+ Kg8 43. h4 e3 44. Kf1 Qf7 45. Qxf7+ Kxf7 46. Ke2 Be4 47. Kxe3 Bxc2 48. Kd4 a4 49. Kc5 Bd3 50. Kd6 Be2 51. Kxd7 Bxg4+ 52. Kc6 Be2 53. Kd5 Bc4+ 54. Ke4 Kg6 55. Kf4 Kh5 56. Kg3 Bd3 57. Kh3 Bf1+ 58. Kg3 Bc4 59. Kh3 Bd5 60. Kg3 Be6 61. Kf4 Kxh4 62. Kf3 Bc4 0-1

[Event "December 19 Early 2023"]
[Site "https://www.chess.com"]
[Date "2023.12.19"]
[Round "7"]
[White "Kahlert, Thomas"]
[Black "Andreev, Konstantin"]
[Result "0-1"]
[Board "111"]
[TimeControl "180+1"]
[WhiteFideId "4625242"]
[BlackFideId "24239305"]
[WhiteElo "2221"]
[BlackElo "2093"]
[WhiteTeam "GER"]
[BlackTeam "ITA"]
[WhiteClock "0:01:58"]
[BlackClock "0:01:59"]

1. c4 e5 2. Nc3 Nf6 3. Nf3 Nc6 4. g3 d5 5. cxd5 Nxd5 6. Bg2 Nb6 7. O-O Be7 8. b3 O-O 9. Bb2 Be6 10. Rc1 f6 11. d4 Nxd4 12. Nxd4 exd4 13. Ne4 c6 14. Qxd4 Qxd4 15. Bxd4 Rfd8 16. Bc5 Kf7 17. Bxe7 Kxe7 18. Nc5 Rab8 19. Rfd1 Nd7 20. Nxe6 Kxe6 21. Bh3+ Ke7 22. f4 Nb6 23. Kf2 Nd5 24. e4 Nb4 25. Ke3 Nxa2 26. Ra1 Rxd1 27. Rxd1 Nb4 28. Rd7+ Kf8 29. Rc7 a5 30. e5 Nd5+ 0-1

[Event "December 19 Early 2023"]
[Site "https://www.chess.com"]
[Date "2023.12.19"]
[Round "7"]
[White "Shohat, Yotam"]
[Black "Gong, Qianyun"]
[Result "1-0"]
[Board "112"]
[TimeControl "180+1"]
[WhiteFideId "2813955"]
[BlackFideId "8602425"]
[WhiteElo "2226"]
[BlackElo "2157"]
[WhiteTeam "ISR"]
[BlackTeam "SGP"]
[WhiteClock "0:00:10"]
[BlackClock "0:00:09"]

1. e4 e6 2. d4 d5 3. Nc3 Bb4 4. e5 c5 5. a3 Bxc3+ 6. bxc3 Ne7 7. a4 Qa5 8. Bd2 Nbc6 9. Nf3 h6 10. Bb5 Bd7 11. c4 Qc7 12. cxd5 exd5 13. dxc5 Nxe5 14. O-O Nxf3+ 15. Qxf3 O-O 16. Bf4 Qc8 17. Bd6 Re8 18. Rfe1 Nf5 19. Qxd5 Be6 20. Qf3 Rd8 21. Rad1 Nxd6 22. cxd6 Qxc2 23. Qxb7 a6 24. Qc6 Qb3 25. Bxa6 Bd7 26. Qb7 Qxa4 27. Bf1 Bc6 28. Qb6 Rab8 29. Qc5 Bd7 30. h3 Be6 31. Qe5 Rbc8 32. Rd4 Qc6 33. Red1 Ra8 34. R4d3 Ra2 35. Rg3 g6 36. Rxg6+ fxg6 37. Qxe6+ Kh7 38. Qe7+ Kh8 39. Qxd8+ 1-0